 Dungeon Crawl Stone Soup version 0.30-a0-305-g026cb31310 (webtiles) character file.

Game seed: 2891813872211650802

40 benexclaimed the Magician (level 3, 0/31 HPs)
             Began as a Troll Hedge Wizard on Oct 21, 2022.
             Was an Initiate of the Shining One.
             Slain by an ogre
             ... wielding a +0 giant spiked club
              (10 damage)
             ... on level 3 of the Dungeon.
             The game lasted 00:13:43 (2635 turns).

benexclaimed the Magician (Troll Hedge Wizard)      Turns: 2635, Time: 00:13:44

Health: 0/31       AC:  4    Str: 18    XL:     3   Next: 30%
Magic:  3/5        EV: 10    Int: 12    God:    the Shining One [......]
Gold:   83         SH:  0    Dex:  9    Spells: 3/6 levels left

rFire   . . .      SeeInvis .    a - +0 dagger
rCold   . . .      Faith    .    (no shield)
rNeg    . . .      Spirit   .    b - +0 robe
rPois   .          Reflect  .    c - +0 hat
rElec   .          Harm     .    (no cloak)
rCorr   .          Rampage  .    (gloves unavailable)
Will    .....                    (boots unavailable)
Stlth   +.........               (no amulet)
HPRegen 1.05/turn                j - ring of wizardry
MPRegen 0.09/turn                (no ring)

@: glowing
A: large, unfitting armour, claws 3, regeneration 1, shaggy fur 1, tough skin 1
a: Renounce Religion


You were on level 3 of the Dungeon.
You worshipped the Shining One.
The Shining One was noncommittal.
You visited 1 branch of the dungeon, and saw 3 of its levels.

You collected 83 gold pieces.

Inventory:

Hand Weapons
 a - a +0 dagger (weapon)
 e - a +0 dagger
 i - a +0 dagger
 k - a +0 whip
 l - a +0 whip
 p - a +0 short sword
 q - a +0 falchion
 r - a +0 club
Missiles
 m - 16 stones
Armour
 b - a +0 robe (worn)
 c - a +0 hat (worn)
 f - a +0 ring mail
Jewellery
 j - a ring of wizardry (left claw)
Scrolls
 g - a scroll of fear {unknown}
 h - 2 scrolls of magic mapping {unknown}
 o - a scroll of vulnerability {unknown}
 s - a scroll of enchant armour {unknown}
 t - a scroll of butterflies {unknown}
 v - a scroll of teleportation {unknown}
 w - a scroll of amnesia {unknown}
Potions
 d - a potion of magic
 n - a potion of resistance {unknown}
 u - a potion of curing {unknown}


   Skills:
 + Level 0.2 Fighting
 + Level 0.4 Short Blades
 + Level 2.1 Dodging
 + Level 1.0 Stealth
 + Level 2.3 Spellcasting
 + Level 1.0 Conjurations
 + Level 0.6 Summonings
 + Level 0.6 Translocations


You had 3 spell levels left.
You knew the following spells:

 Your Spells              Type           Power      Damage    Failure   Level
a - Magic Dart            Conj           12%        1d3       7%          1
b - Call Imp              Summ           2%         N/A       12%         2

Your spell library contained the following spells:

 Spells                   Type           Power      Damage    Failure   Level
 Slow                     Hex            4%         N/A       11%         1
 Blink                    Tloc           4%         N/A       12%         2
 Cigotuvi's Dreadful Rot  Necr/Pois/Air  2%         N/A       16%         2
 Mephitic Cloud           Conj/Pois/Air  2%         N/A       26%         3
 Tukima's Dance           Hex            1%         N/A       30%         3
 Passage of Golubria      Tloc           2%         N/A       58%         4
 Yara's Violent Unravell  Hex/Tmut       0%         3d3       94%         5


Dungeon Overview and Level Annotations

Branches:
Dungeon (3/15)

Altars:
The Shining One

Shops:
D:2 ?


Innate Abilities, Weirdness & Mutations

You are too large for most types of armour.
You have claws for hands.
Your natural rate of healing is unusually fast.
You are covered in fur. (AC +1)
You have tough skin. (AC +1)


Message History

Press: ? - help, Q - select action, (/) - cycle Shift-Dir - straight line, f/p - hobgoblin
Aim: a hobgoblin (heavily wounded, 100% to hit)
The magic dart hits the hobgoblin but does no damage.
The hobgoblin is heavily wounded.
The hobgoblin hits you but does no damage.
You barely miss the hobgoblin.
The hobgoblin is heavily wounded.
You hit the hobgoblin.
You kill the hobgoblin!
You hit the goblin.
The goblin is moderately wounded.
The goblin barely misses you.
You closely miss the goblin.
The goblin is moderately wounded.
The goblin hits you with a +0 club.
You barely miss the goblin.
The goblin is moderately wounded.
The goblin closely misses you.
You miss the goblin.
The goblin is moderately wounded.
The goblin closely misses you.
You hit the goblin.
You kill the goblin!
Aiming: Magic Dart (safe; 7% risk of failure)
Press: ? - help, Q - select action, (/) - cycle Shift-Dir - straight line, f - ogre
Aim: an ogre, wielding a +0 giant spiked club (100% to hit)
The magic dart hits the ogre but does no damage.
The ogre hits you with a +0 giant spiked club!!
Ouch! That really hurt!
The ogre attacks as you move away!
The ogre hits you with a +0 giant spiked club.
* * * LOW HITPOINT WARNING * * *
Aiming: Magic Dart (safe; 7% risk of failure)
Press: ? - help, Q - select action, (/) - cycle Shift-Dir - straight line, f/p - ogre
Aim: an ogre, wielding a +0 giant spiked club (100% to hit)
The magic dart hits the ogre.
The ogre is lightly wounded.
The ogre attacks as you move away!
The ogre hits you with a +0 giant spiked club!
You die...

..# #.# #.# #.# #.# ###
#.# #.#
..#####.#########.#####.
.......@OB.)............
.######.####.####.###.g.
#... #.#.g....#
#.##.#.#O##.#.#
#.##.#.#..#...#
#.......O<....#
+.............#
#....##.......#.#
.........#......


You could see an ogre and a giant cockroach.

Vanquished Creatures
  A ball python (D:2)
  5 endoplasms
  2 giant cockroaches (D:1)
  2 hobgoblins
  5 quokkas
  7 bats
  3 frilled lizards (D:1)
  4 goblins
  5 kobolds
  A rat (D:1)
35 creatures vanquished.

Vanquished Creatures (others)
  A plant (D:2)
1 creature vanquished.

Grand Total: 36 creatures vanquished

Notes
Turn   | Place    | Note
-------+----------+-------------------------------------------
     0 | D:1      | benexclaimed the Troll Hedge Wizard began the quest for the
                  | Orb.
     0 | D:1      | Reached XP level 1. HP: 16/16 MP: 2/2
   397 | D:1      | Reached XP level 2. HP: 24/24 MP: 0/4
  1598 | D:2      | Reached XP level 3. HP: 27/31 MP: 0/5
  1648 | D:2      | Found a glowing golden altar of the Shining One.
  1690 | D:2      | Became a worshipper of the Shining One
  1698 | D:2      | Learned a level 2 spell: Call Imp
  2259 | D:2      | Reached skill level 1 in Conjurations
  2479 | D:2      | Found Eblecw's Magic Scroll Emporium.
  2599 | D:3      | Noticed an ogre
  2635 | D:3      | Slain by an ogre

Illustrated notes

Levels and vault maps discovered:
D:1:      shiori_shiawase, layout_basic
D:2:      layout_basic, serial_bayou, serial_bayou_pond_a, serial_bayou_pond_e,
          serial_bayou_shore_b, serial_bayou_crossing, basic_altar,
          serial_shops, nicolae_shop_waterfront
D:3:      layout_basic, nzn_hepliaklqana_mist_gate

Skill      XL: |  1  2  3 |
---------------+----------+-----
Dodging        | 2 |  2.1
Conjurations   | 1 |  1.0
Fighting       | |  0.2
Short Blades   | |  0.4
Stealth        | |  1.0
Spellcasting   | |  2.3
Summonings     | |  0.6
Translocations | |  0.6

Action                   || total
-------------------------++-------
Melee: Dagger            ||   156
 Cast: Magic Dart        ||    87
Armor: Robe              ||    75
Dodge: Dodged            ||    89

Table legend: (Time is in decaauts)
 A = Elapsed time spent in this place.
 B = Non-inter-level travel time spent in this place.
 C = Inter-level travel time spent in this place.
 D = Time resting spent in this place.
 E = Time spent auto-exploring this place.
 F = Levels seen in this place.
 G = Mean time per level.
                   A        B        C        D        E       F      G
               +--------+--------+--------+--------+--------+-----+--------+
         Total |   2639 |   2579 |     60 |     10 |   1843 |   3 |  879.7 |
       Dungeon |   2639 |   2579 |     60 |     10 |   1843 |   3 |  879.7 |
               +--------+--------+--------+--------+--------+-----+--------+

Top non-repeatable levels by time:
     D:1: 1447 daAuts
     D:2: 1154 daAuts
     D:3: 37 daAuts
